[Event "ICC tourney 3043 (15 5)"]
[Site "Internet Chess Club"]
[Date "2022.10.30"]
[Round "5"]
[White "LI, FLORA:FloraLi-W"]
[Black "WANG, OLIVER:OliverWang-W"]
[Result "0-1"]
[ICCResult "White checkmated"]
[WhiteElo "193"]
[BlackElo "876"]
[Opening "Giuoco Pianissimo: Italian four knights variation"]
[ECO "C50"]
[NIC "IG.02"]
[Time "16:30:12"]
[PlyCount "60"]
[TimeControl "900+5"]

1. e4 e5 2. Nf3 Nc6 3. Bc4 Bc5 4. Nc3 Nf6 5. d3 d6 6. h3 h6 7. Be3 Be6 8.
Bxe6 Bxe3 9. Bxf7+ Kxf7 10. fxe3 d5 11. exd5 Nxd5 12. Nxd5 Qxd5 13. O-O Kg8
14. e4 Qd6 15. Qe2 Nd4 16. Nxd4 Qxd4+ 17. Kh1 Rb8 18. Qf3 Qxb2 19. Qf7+ Kh7
20. Qxc7 Rhc8 21. Rfb1 Qxb1+ 22. Rxb1 Rxc7 23. c4 Rd8 24. Rb3 Rcd7 25. a4 b6
26. g4 Rxd3 27. Rb5 Rxh3+ 28. Kg2 Ra3 29. Rxe5 Rd2+ 30. Kf1 Ra1#
{White checkmated}
0-1

[Event "ICC tourney 3043 (15 5)"]
[Site "Internet Chess Club"]
[Date "2022.10.30"]
[Round "5"]
[White "YI, JEMERY:JemeryYi-W"]
[Black "MAR, MAXIMUS:MaximusMar-W"]
[Result "1-0"]
[ICCResult "Black checkmated"]
[WhiteElo "962"]
[BlackElo "859"]
[Opening "Giuoco Pianissimo"]
[ECO "C50"]
[NIC "IG.02"]
[Time "16:30:25"]
[PlyCount "91"]
[TimeControl "900+5"]

1. e4 e5 2. Nf3 Nc6 3. Bc4 Bc5 4. d3 h6 5. Nc3 d6 6. h3 Nf6 7. O-O O-O 8.
Be3 Bb6 9. Nd5 Nxd5 10. Bxd5 Be6 11. Bxc6 bxc6 12. a4 Rb8 13. b3 f6 14. a5
Bxe3 15. fxe3 d5 16. exd5 cxd5 17. Qe1 e4 18. dxe4 dxe4 19. Nd4 Bf7 20. Nc6
Qe8 21. Nxb8 Qxb8 22. Qg3 Rd8 23. Rxf6 Rd6 24. Rxd6 cxd6 25. Rd1 Qc7 26.
Qxd6 Qxa5 27. Qb8+ Kh7 28. Qf4 Bg6 29. Qf8 Qc3 30. Rd7 Qxe3+ 31. Kh2 Qc3 32.
Rxa7 Qe5+ 33. Kh1 e3 34. Re7 Qa1+ 35. Kh2 Qc3 36. Qf3 Qc6 37. Qxc6 e2 38.
Rxe2 h5 39. Qc7 h4 40. Re7 Kh6 41. Rxg7 Kh5 42. Rh7+ Kg5 43. Qe5+ Bf5 44.
Rg7+ Kh6 45. Qf6+ Kh5 46. Rg5# {Black checkmated} 1-0

[Event "ICC tourney 3043 (15 5)"]
[Site "Internet Chess Club"]
[Date "2022.10.30"]
[Round "5"]
[White "HU, SHIRLEY:ShirleyHu-W"]
[Black "CHONG, JACK:JackChong-W"]
[Result "0-1"]
[ICCResult "White checkmated"]
[WhiteElo "380"]
[BlackElo "803"]
[Opening "Giuoco Pianissimo: Italian four knights variation"]
[ECO "C50"]
[NIC "IG.02"]
[Time "16:30:29"]
[PlyCount "102"]
[TimeControl "900+5"]

1. e4 e5 2. Nf3 Nc6 3. Bc4 Bc5 4. Nc3 Nf6 5. d3 O-O 6. Bg5 h6 7. Bh4 Be7 8.
O-O d6 9. h3 Re8 10. Bxf6 Bxf6 11. Nd5 Be6 12. Re1 Na5 13. Nxf6+ Qxf6 14.
Bxe6 Rxe6 15. b4 Nc6 16. a3 Qe7 17. b5 Nd8 18. a4 Rg6 19. d4 Qe6 20. d5 Qxh3
21. g3 h5 22. Nh4 Qxh4 23. Kf1 Qh3+ 24. Kg1 f6 25. Qf3 Nf7 26. Qg2 Qg4 27.
f3 Qxg3 28. Qxg3 Rxg3+ 29. Kf2 h4 30. c4 Ng5 31. Rh1 Rxf3+ 32. Ke2 h3 33.
Rag1 Rf4 34. Ke3 Rxe4+ 35. Kd3 Kf7 36. Rxg5 Rd4+ 37. Ke3 fxg5 38. Rf1+ Kg6
39. Rf2 Rh8 40. Rh2 Rg4 41. Kf3 Rg2 42. Rxg2 hxg2 43. Kxg2 Kf5 44. Kg3 g4
45. Kf2 Rh2+ 46. Kg3 Rc2 47. c5 Rc3+ 48. Kg2 Kf4 49. Kf2 g3+ 50. Kg2 Rc2+
51. Kh3 Rh2# {White checkmated} 0-1

[Event "ICC tourney 3043 (15 5)"]
[Site "Internet Chess Club"]
[Date "2022.10.30"]
[Round "5"]
[White "ZHIJIA HUANG, ALAN:AlanHuang-W"]
[Black "SUANYU LI, RYAN:RyanLi-W"]
[Result "1-0"]
[ICCResult "Black resigns"]
[WhiteElo "591"]
[BlackElo "286"]
[Opening "Giuoco Piano: four knights variation"]
[ECO "C47"]
[NIC "RG.01"]
[Time "16:33:07"]
[PlyCount "93"]
[TimeControl "900+5"]

1. e4 e5 2. Nf3 Nf6 3. Nc3 Nc6 4. Bc4 Bc5 5. O-O d6 6. h3 O-O 7. d3 Bd7 8.
Re1 Nd4 9. Be3 Nxf3+ 10. Qxf3 Bxe3 11. Rxe3 Qe7 12. Bd5 Nxd5 13. Nxd5 Qe6
14. Qh5 Be8 15. Rg3 f6 16. Qh6 Qf7 17. Qe3 c6 18. Nb4 c5 19. Nd5 Bc6 20. c4
b5 21. Rg4 Bd7 22. Rh4 g5 23. Rh6 Kg7 24. Rxf6 Qg8 25. Qxg5+ Kh8 26. Qxg8+
Rxg8 27. Re1 Rg5 28. Re3 Rag8 29. g3 Bxh3 30. Ref3 Bg4 31. R3f5 Bxf5 32.
exf5 h5 33. Rh6+ Kg7 34. Rxd6 Kf8 35. Rf6+ Kg7 36. cxb5 Kh8 37. Rf7 h4 38.
Nf6 R8g7 39. Rf8+ Rg8 40. Nxg8 Rxg8 41. Rxg8+ Kxg8 42. gxh4 Kh7 43. Kg2 Kh6
44. Kg3 a5 45. b6 c4 46. dxc4 a4 47. b7 {Black resigns} 1-0

[Event "ICC tourney 3043 (15 5)"]
[Site "Internet Chess Club"]
[Date "2022.10.30"]
[Round "5"]
[White "YOUZHUO, RAYMOND:Raymondshi-W"]
[Black "CHEUNG,SHARON:SharonCheung-W"]
[Result "1-0"]
[ICCResult "Black checkmated"]
[WhiteElo "872"]
[BlackElo "801"]
[Opening "French: exchange variation"]
[ECO "C01"]
[NIC "FR.01"]
[Time "16:30:15"]
[PlyCount "103"]
[TimeControl "900+5"]

1. e4 e6 2. d4 d5 3. exd5 exd5 4. Nc3 Nf6 5. Bd3 Bd6 6. Nf3 O-O 7. O-O h6 8.
Be3 c6 9. Qd2 Be6 10. Bxh6 gxh6 11. Qxh6 Qd7 12. Ng5 Bf5 13. Qxf6 Bxd3 14.
cxd3 Qg4 15. Qh6 Qf5 16. Nxf7 Rxf7 17. Qxd6 Nd7 18. Rae1 Raf8 19. Re3 Rg7
20. Qe6+ Qxe6 21. Rxe6 Nf6 22. Na4 b6 23. Rxc6 Ng4 24. Nc3 Rgf7 25. Rg6+ Kh7
26. Rxg4 Rf4 27. Rxf4 Rxf4 28. Nxd5 Rxd4 29. Ne3 Rxd3 30. f4 b5 31. Nd1 Rd2
32. f5 Kg7 33. g4 a5 34. g5 b4 35. f6+ Kf8 36. g6 Rd7 37. g7+ Kf7 38. h4 Rd4
39. h5 Rg4+ 40. Kf2 Rf4+ 41. Ke2 Re4+ 42. Kd3 Rh4 43. Rf5 Rh3+ 44. Ke4 Rh4+
45. Ke5 Rh1 46. Nf2 Re1+ 47. Ne4 a4 48. h6 Rh1 49. Nd6+ Kg8 50. f7+ Kh7 51.
g8=Q+ Kxh6 52. f8=Q# {Black checkmated} 1-0

[Event "ICC tourney 3043 (15 5)"]
[Site "Internet Chess Club"]
[Date "2022.10.30"]
[Round "5"]
[White "PE, KYLE:KylePE-W"]
[Black "HUANG,JAYDEN:JaydenHuang-W"]
[Result "1/2-1/2"]
[ICCResult "Game drawn by repetition"]
[WhiteElo "620"]
[BlackElo "686"]
[Opening "Giuoco Pianissimo"]
[ECO "C50"]
[NIC "IG.02"]
[Time "16:30:15"]
[PlyCount "88"]
[TimeControl "900+5"]

1. e4 e5 2. Nf3 Nc6 3. Bc4 Bc5 4. d3 h6 5. h3 Nf6 6. O-O Na5 7. Nxe5 Nxc4 8.
Nxc4 O-O 9. d4 Bb6 10. e5 Nd5 11. Qf3 c6 12. Qg3 Kh8 13. Nd6 f5 14. Qg6 Qe7
15. Bxh6 gxh6 16. Nxf5 Rxf5 17. Qxf5 Bxd4 18. Re1 Bxb2 19. Nd2 Bxa1 20. Rxa1
d6 21. Qh5 dxe5 22. Qxh6+ Qh7 23. Qf8+ Qg8 24. Qh6+ Qh7 25. Qf8+ Qg8 26.
Qh6+ Qh7 27. Qf8+ Qg8 28. Qh6+ Qh7 29. Qf8+ Qg8 30. Qh6+ Qh7 31. Qf8+ Qg8
32. Qh6+ Qh7 33. Qf8+ Qg8 34. Qh6+ Qh7 35. Qf8+ Qg8 36. Qh6+ Qh7 37. Qf8+
Qg8 38. Qh6+ Qh7 39. Qf8+ Qg8 40. Qh6+ Qh7 41. Qf8+ Qg8 42. Qh6+ Qh7 43.
Qf8+ Qg8 44. Qh6+ Qh7 {Game drawn by repetition} 1/2-1/2

[Event "ICC tourney 3043 (15 5)"]
[Site "Internet Chess Club"]
[Date "2022.10.30"]
[Round "5"]
[White "YANG, NINA:NinaYang-W"]
[Black "RUNNAN FAN, LYDIA:LydiaFan-W"]
[Result "1-0"]
[ICCResult "Black checkmated"]
[WhiteElo "121"]
[BlackElo "176"]
[Opening "Four knights: double Ruy Lopez"]
[ECO "C49"]
[NIC "KP.03"]
[Time "16:30:32"]
[PlyCount "139"]
[TimeControl "900+5"]

1. e4 e5 2. Nf3 Nc6 3. Nc3 Nf6 4. Bb5 Bb4 5. a3 Bxc3 6. bxc3 h6 7. h3 O-O 8.
O-O d6 9. d3 Be6 10. Be3 a6 11. Bxc6 bxc6 12. d4 c5 13. dxe5 dxe5 14. Qxd8
Rfxd8 15. Rfd1 Rxd1+ 16. Rxd1 Nxe4 17. Bxc5 Nxc3 18. Rc1 Ne2+ 19. Kh2 Nxc1
20. Be3 Na2 21. Bd4 Nc1 22. Bxe5 c5 23. Bc3 Rb8 24. Be5 Nd3 25. Bxb8 f5 26.
g4 f4 27. Bxf4 c4 28. Be5 g6 29. Bf4 Kh7 30. Bd2 g5 31. Bc3 Kg6 32. Nd4 Bd5
33. Nb3 cxb3 34. Bd4 h5 35. gxh5+ Kxh5 36. h4 Nxf2 37. hxg5 Ng4+ 38. Kh3 a5
39. g6 Nf6 40. g7 a4 41. Bxf6 Kh6 42. g8=Q b2 43. Qg1 Be4 44. Qb1 Bxc2 45.
Qxc2 b1=Q 46. Qxb1 Kh5 47. Qb4 Kh6 48. Qxa4 Kg6 49. Qg4+ Kxf6 50. a4 Kf7 51.
a5 Ke7 52. a6 Kd8 53. a7 Kc7 54. a8=Q Kd6 55. Qg3+ Ke6 56. Qe8+ Kf6 57. Qf8+
Ke6 58. Qe8+ Kd5 59. Qg2+ Kd4 60. Qg1+ Kc4 61. Qc8+ Kd3 62. Qa6+ Kd2 63.
Qa5+ Kc2 64. Qg3 Kb2 65. Qb5+ Kc2 66. Qc5+ Kd2 67. Qg2+ Kd1 68. Qd4+ Kc1 69.
Qc3+ Kd1 70. Qcd2# {Black checkmated} 1-0

[Event "ICC tourney 3043 (15 5)"]
[Site "Internet Chess Club"]
[Date "2022.10.30"]
[Round "5"]
[White "XING LIU, BRANDON:BrandonLiu-W"]
[Black "LIAO, JESSIE:JessieLiao-W"]
[Result "1-0"]
[ICCResult "Black checkmated"]
[WhiteElo "970"]
[BlackElo "878"]
[Opening "Queen's pawn, Mason variation"]
[ECO "D00"]
[NIC "QP.08"]
[Time "16:30:25"]
[PlyCount "117"]
[TimeControl "900+5"]

1. d4 d5 2. Bf4 Bf5 3. e3 e6 4. Nf3 Nf6 5. Bd3 Bg6 6. O-O Nc6 7. Bxg6 hxg6
8. h3 Bd6 9. Bxd6 Qxd6 10. Nbd2 e5 11. dxe5 Nxe5 12. Nxe5 Qxe5 13. c3 O-O-O
14. Nf3 Qd6 15. Qd4 Kb8 16. Ne5 Qe6 17. Rfd1 Rhe8 18. f4 Ne4 19. c4 c6 20.
cxd5 cxd5 21. Rac1 Rc8 22. Rxc8+ Rxc8 23. Qxd5 Qxd5 24. Rxd5 Nf6 25. Nd7+
Nxd7 26. Rxd7 Rc2 27. Rxf7 Rxb2 28. Rxg7 Rxa2 29. Rxg6 Ra1+ 30. Kf2 a5 31.
f5 Ra2+ 32. Kf3 Rd2 33. f6 Rd7 34. Rg7 Rd6 35. f7 Rf6+ 36. Ke2 a4 37. Rg8+
Kc7 38. f8=Q Rxf8 39. Rxf8 a3 40. Ra8 b5 41. Rxa3 Kc6 42. g4 b4 43. Rb3 Kc5
44. Rxb4 Kxb4 45. g5 Kc5 46. g6 Kd5 47. g7 Kc6 48. g8=Q Kd6 49. Qe8 Kc5 50.
Qd7 Kc4 51. Qd4+ Kb5 52. Qc3 Ka4 53. e4 Kb5 54. e5 Ka4 55. e6 Kb5 56. e7 Kb6
57. e8=Q Kb7 58. Qb5+ Ka8 59. Qa3# {Black checkmated} 1-0

[Event "ICC tourney 3043 (15 5)"]
[Site "Internet Chess Club"]
[Date "2022.10.30"]
[Round "5"]
[White "ZHOU, JERRY:JerryZhou-W"]
[Black "XIHAO NING, SEAN:SeanNing-W"]
[Result "1-0"]
[ICCResult "Black checkmated"]
[WhiteElo "211"]
[BlackElo "418"]
[Opening "Sicilian: Nimzovich-Rossolimo attack (without ...d6)"]
[ECO "B30"]
[NIC "SI.31"]
[Time "16:30:12"]
[PlyCount "55"]
[TimeControl "900+5"]

1. e4 c5 2. Nf3 Nc6 3. Bb5 Nf6 4. Nc3 g6 5. d4 a6 6. Ba4 b5 7. d5 Nb4 8. a3
bxa4 9. axb4 Bg7 10. bxc5 d6 11. c6 O-O 12. O-O a5 13. Rxa4 e6 14. Bg5 Ba6
15. Re1 Qb6 16. Qd4 Qxb2 17. Bxf6 e5 18. Qd2 Bxf6 19. Rb1 Bg5 20. Nxg5 Rab8
21. Rxb2 Rxb2 22. Ra2 Rxa2 23. Nxa2 f6 24. Ne6 Rb8 25. h3 Bc4 26. Qh6 Kf7
27. Qg7+ Ke8 28. Qf8# {Black checkmated} 1-0

[Event "ICC tourney 3043 (15 5)"]
[Site "Internet Chess Club"]
[Date "2022.10.30"]
[Round "5"]
[White "HE, ANNA:AnnaHe-W"]
[Black "XIA, RYAN:RyanXia-W"]
[Result "0-1"]
[ICCResult "White checkmated"]
[WhiteElo "333"]
[BlackElo "586"]
[Opening "Giuoco Pianissimo: Italian four knights variation"]
[ECO "C47"]
[NIC "KP.06"]
[Time "16:30:26"]
[PlyCount "186"]
[TimeControl "900+5"]

1. e4 e5 2. Nf3 Nc6 3. Nc3 Nf6 4. Bc4 Bc5 5. d3 h6 6. O-O d6 7. h3 Be6 8.
Ng5 Bxc4 9. dxc4 O-O 10. Qe1 hxg5 11. Bxg5 Nd4 12. Nd5 Nxc2 13. Nxf6+ gxf6
14. Bh6 Nxe1 15. Bxf8 Nf3+ 16. gxf3 Qxf8 17. Rfd1 Qg7+ 18. Kh2 Bxf2 19. Rg1
Bg3+ 20. Rxg3 Qxg3+ 21. Kxg3 Kh7 22. Rg1 Rg8+ 23. Kf2 Rxg1 24. Kxg1 Kg6 25.
Kg2 Kg5 26. Kg3 f5 27. h4+ Kh5 28. exf5 f6 29. b3 c6 30. a3 d5 31. f4 e4 32.
cxd5 cxd5 33. Kf2 Kxh4 34. Ke3 Kg4 35. b4 Kxf5 36. a4 Ke6 37. b5 Kd6 38. a5
Kc5 39. a6 b6 40. f5 d4+ 41. Kxe4 Kc4 42. Kf4 d3 43. Kg4 d2 44. Kh5 d1=Q+
45. Kg6 Qg4+ 46. Kxf6 Qd4+ 47. Ke6 Qd5+ 48. Kf6 Qd6+ 49. Kg5 Qg3+ 50. Kf6
Qh4+ 51. Ke5 Qd4+ 52. Ke6 Kxb5 53. f6 Qxf6+ 54. Kxf6 Kxa6 55. Ke6 b5 56. Kd5
Ka5 57. Kc5 a6 58. Kd6 b4 59. Kc5 Ka4 60. Kb6 a5 61. Kc5 b3 62. Kc4 Ka3 63.
Kc3 b2 64. Kc2 Ka2 65. Kd1 b1=Q+ 66. Kd2 Qb3 67. Kc1 Qb2+ 68. Kd1 Kb3 69.
Ke1 Qc2 70. Kf1 Qd2 71. Kg1 Qf2+ 72. Kxf2 a4 73. Ke2 Ka3 74. Kd2 Kb2 75. Kd3
a3 76. Kc4 a2 77. Kb4 a1=Q 78. Kc4 Qa5 79. Kd4 Qc3+ 80. Kd5 Qb4 81. Kc6 Qa5
82. Kd6 Qb5 83. Ke6 Qc5 84. Kf6 Qd5 85. Kg6 Qe5 86. Kh7 Qf6 87. Kg8 Qe7 88.
Kh8 Kc3 89. Kg8 Kd4 90. Kh8 Ke5 91. Kg8 Kf6 92. Kh8 Kg6 93. Kg8 Qg7#
{White checkmated}
0-1

[Event "ICC tourney 3043 (15 5)"]
[Site "Internet Chess Club"]
[Date "2022.10.30"]
[Round "5"]
[White "XING LIU, CLARA:ClaraLiu-W"]
[Black "CHEN JR, DORA:DoraChen-W"]
[Result "0-1"]
[ICCResult "White checkmated"]
[WhiteElo "279"]
[BlackElo "162"]
[Opening "Three knights game"]
[ECO "C46"]
[NIC "KP.06"]
[Time "16:30:32"]
[PlyCount "108"]
[TimeControl "900+5"]

1. e4 e5 2. Nf3 Nc6 3. Nc3 a6 4. Bc4 Bc5 5. O-O Nf6 6. h3 d6 7. d4 d5 8.
dxc5 dxc4 9. Nd2 h6 10. Qf3 O-O 11. Qg3 Nh5 12. Qf3 Nf4 13. Nxc4 Ne6 14. Qg3
Nxc5 15. Bxh6 Ne6 16. Qg4 Kh7 17. Qf5+ Kxh6 18. Qg4 Ned4 19. Qf3 Nxf3+ 20.
gxf3 Qg5+ 21. Kh2 Re8 22. Rg1 Qh4 23. Rg3 Re6 24. Rag1 Rf6 25. Nd2 Rd6 26.
Nf1 Qe7 27. Ne3 Rd2 28. Ng4+ Kh7 29. Ne3 g6 30. Nb1 Rd6 31. Nc4 Rf6 32. Nbd2
b5 33. Ne3 Be6 34. h4 Bxa2 35. b3 Kh6 36. Ng4+ Kg7 37. Nxf6 Qxf6 38. h5 Rh8
39. Kg2 Rxh5 40. Kf1 Kh6 41. c4 bxc4 42. bxc4 Na5 43. c5 Nb3 44. Nxb3 Bxb3
45. Rg4 Qc6 46. Rg5 Rxg5 47. Rh1+ Rh5 48. Rg1 Qxc5 49. Rg4 Qc3 50. Kg2 Bd1
51. Rg3 Bxf3+ 52. Rxf3 Rg5+ 53. Kf1 Qc2 54. Ke1 Rg1# {White checkmated} 0-1

[Event "ICC tourney 3043 (15 5)"]
[Site "Internet Chess Club"]
[Date "2022.10.30"]
[Round "5"]
[White "YATYUET LIN, HANNAH:HannahLin-W"]
[Black "GONG, JONATHAN:JonathanGong-W"]
[Result "0-1"]
[ICCResult "White checkmated"]
[WhiteElo "328"]
[BlackElo "861"]
[Opening "Queen's pawn: London system"]
[ECO "A45"]
[NIC "QP.07"]
[Time "16:30:30"]
[PlyCount "128"]
[TimeControl "900+5"]

1. d4 Nf6 2. Bf4 e6 3. h3 d5 4. e3 c5 5. c3 Nc6 6. Bd3 cxd4 7. cxd4 Bd6 8.
Bxd6 Qxd6 9. Nf3 O-O 10. O-O b6 11. Nc3 Bb7 12. e4 dxe4 13. Nxe4 Nxe4 14.
Bxe4 Rab8 15. Rc1 Rfd8 16. Ne5 Nxe5 17. Bxb7 Qxd4 18. Bf3 Nxf3+ 19. Qxf3
Qxb2 20. Ra1 h6 21. Rfb1 Qd4 22. Rd1 Qe5 23. Re1 Qd5 24. Red1 Qxf3 25. gxf3
f5 26. f4 Rxd1+ 27. Rxd1 a5 28. a3 Kf8 29. Kf1 Ke7 30. Ke2 Rd8 31. Rb1 Rb8
32. Kd3 Kd6 33. Kd4 g5 34. fxg5 hxg5 35. f3 e5+ 36. Ke3 Kd5 37. Rb5+ Ke6 38.
Kd3 Rd8+ 39. Kc4 Rd6 40. Kc3 Kf6 41. Rb3 e4 42. fxe4 fxe4 43. Kc2 Kf5 44. a4
Kf4 45. Kc1 e3 46. Rb2 Kf3 47. Rb3 Kf2 48. Kc2 e2 49. Rd3 Rxd3 50. Kxd3 e1=Q
51. Kc4 Qb4+ 52. Kd5 Qxa4 53. Ke5 Qh4 54. Kf5 Qxh3+ 55. Kxg5 Qf3 56. Kg6 Qf4
57. Kg7 Qf5 58. Kg8 Qd7 59. Kf8 Kf3 60. Kg8 Qe7 61. Kh8 Kg4 62. Kg8 Kg5 63.
Kh8 Kg6 64. Kg8 Qg7# {White checkmated} 0-1

[Event "ICC tourney 3043 (15 5)"]
[Site "Internet Chess Club"]
[Date "2022.10.30"]
[Round "5"]
[White "SHAO, LUCAS:LucasShao-W"]
[Black "XIANGBO GU, ANDREW:AndrewGu-WING"]
[Result "0-1"]
[ICCResult "White checkmated"]
[WhiteElo "645"]
[BlackElo "851"]
[Opening "Vienna game"]
[ECO "C28"]
[NIC "VG.04"]
[Time "16:30:26"]
[PlyCount "146"]
[TimeControl "900+5"]

1. e4 e5 2. Nc3 Nc6 3. Bc4 Nf6 4. d3 Bc5 5. Bg5 h6 6. Bh4 Bb4 7. Ne2 O-O 8.
O-O Bxc3 9. Nxc3 d6 10. Qf3 Bg4 11. Bxf6 Bxf3 12. Bxd8 Raxd8 13. gxf3 Nd4
14. Rac1 Nxf3+ 15. Kg2 Nh4+ 16. Kg3 Ng6 17. Nd5 c6 18. Ne3 a5 19. a4 Kh7 20.
Ng2 f5 21. exf5 Rxf5 22. f4 Rdf8 23. Be6 exf4+ 24. Kf3 Ne5+ 25. Ke2 R5f6 26.
Nxf4 Rxf4 27. Rxf4 Rxf4 28. Bc8 Rxa4 29. Bxb7 Rb4 30. Bc8 Rxb2 31. d4 Nc4
32. Kd3 d5 33. Bd7 Rb6 34. c3 Ra6 35. Kc2 a4 36. Ra1 a3 37. Bf5+ g6 38. Bd3
Kg7 39. Bxc4 dxc4 40. Kb1 Kf6 41. Kc2 Kf5 42. Kd2 Kg4 43. Ke3 Kf5 44. h3 a2
45. Kd2 Ke4 46. Re1+ Kd5 47. Ra1 c5 48. dxc5 Kxc5 49. Kc2 Kd5 50. Kb2 Ke4
51. Rxa2 Rxa2+ 52. Kxa2 Kd3 53. Kb2 g5 54. Kc1 Kxc3 55. Kb1 Kd2 56. Kb2 c3+
57. Kb1 c2+ 58. Kb2 c1=Q+ 59. Ka2 Ke3 60. h4 gxh4 61. Kb3 Ke4 62. Ka2 Kd3
63. Kb3 Qc2+ 64. Ka3 Qb1 65. Ka4 Qb2 66. Ka5 Qb3 67. Ka6 Qb4 68. Ka7 Qb5 69.
Ka8 Kd4 70. Ka7 Kd5 71. Ka8 Kd6 72. Ka7 Kc7 73. Ka8 Qb7# {White checkmated}
0-1

[Event "ICC tourney 3043 (15 5)"]
[Site "Internet Chess Club"]
[Date "2022.10.30"]
[Round "5"]
[White "SHANYUAN LI, SIMON:SimonLi-W"]
[Black "XIE, RICKY:RickyXie-W"]
[Result "1-0"]
[ICCResult "Black resigns"]
[WhiteElo "622"]
[BlackElo "393"]
[Opening "King's pawn game"]
[ECO "C50"]
[NIC "IG.03"]
[Time "16:30:16"]
[PlyCount "99"]
[TimeControl "900+5"]

1. e4 e5 2. Nf3 Nc6 3. Bc4 d6 4. h3 Nf6 5. Nc3 Nd4 6. d3 a6 7. Be3 b5 8. Bb3
Nxb3 9. axb3 c6 10. O-O d5 11. exd5 cxd5 12. Bg5 d4 13. Ne2 h6 14. Bh4 Qd6
15. c3 dxc3 16. bxc3 Be7 17. Bg3 Qc6 18. Nxe5 Qb7 19. Nd4 O-O 20. Nec6 Bc5
21. Re1 Bd7 22. Ne5 Be6 23. b4 Ba7 24. Nxe6 fxe6 25. Ng6 Rf7 26. Rxe6 Nh5
27. Qxh5 Qd7 28. Rd6 Bxf2+ 29. Kh1 Qa7 30. Rf1 Bxg3 31. Rxf7 Kxf7 32. Qf3+
Kg8 33. Qxg3 Qc7 34. Qe5 Qf7 35. Qd5 Qxd5 36. Rxd5 a5 37. bxa5 Rxa5 38. Ne7+
Kf7 39. Nc6 Ra6 40. Nd4 Ra5 41. Rxb5 Ra1+ 42. Kh2 Rd1 43. Nf3 Kg8 44. Rd5
Kf7 45. c4 Ke6 46. Kg3 g6 47. Re5+ Kd6 48. Rd5+ Ke6 49. Kf4 Rg1 50. Nxg1
{Black resigns}
1-0

[Event "ICC tourney 3043 (15 5)"]
[Site "Internet Chess Club"]
[Date "2022.10.30"]
[Round "5"]
[White "ROSS, PHILIP:PhilipRoss-W"]
[Black "LIEN, ISAAC:IsaacLien-W"]
[Result "1-0"]
[ICCResult "Black checkmated"]
[WhiteElo "876"]
[BlackElo "683"]
[Opening "Two knights defense (Modern bishop's opening)"]
[ECO "C55"]
[NIC "IG.01"]
[Time "16:30:19"]
[PlyCount "103"]
[TimeControl "900+5"]

1. e4 e5 2. Nf3 Nc6 3. Bc4 Nf6 4. d3 Be7 5. Be3 O-O 6. Nc3 d6 7. O-O Be6 8.
Nd5 Re8 9. Nxe7+ Qxe7 10. Bxe6 fxe6 11. Ng5 h6 12. Nf3 Rad8 13. Re1 d5 14.
exd5 exd5 15. Qe2 Qd7 16. Rad1 d4 17. Bd2 Qd5 18. b3 e4 19. dxe4 Rxe4 20.
Qd3 Rde8 21. Rxe4 Rxe4 22. Re1 Rxe1+ 23. Bxe1 Ne5 24. Nxe5 Qxe5 25. Qc4+ Kh7
26. Bb4 d3 27. Qxd3+ Kh8 28. Bc3 Qe6 29. h3 Kg8 30. Bxf6 Qxf6 31. Qc4+ Qf7
32. Qxf7+ Kxf7 33. g4 Ke6 34. f4 Kf6 35. Kf2 g6 36. h4 Ke6 37. Ke3 Kd5 38.
c4+ Ke6 39. Ke4 Kf6 40. a4 g5 41. hxg5+ hxg5 42. f5 Kg7 43. Ke5 Kf7 44. f6
Kf8 45. Kf5 c5 46. Kxg5 a5 47. Kg6 Kg8 48. f7+ Kf8 49. g5 b6 50. Kf6 b5 51.
g6 b4 52. g7# {Black checkmated} 1-0

[Event "ICC tourney 3043 (15 5)"]
[Site "Internet Chess Club"]
[Date "2022.10.30"]
[Round "5"]
[White "PAN,JUNXI:JunxiPan-W"]
[Black "RUIYI SONG, EMILY:EmilySong-W"]
[Result "1-0"]
[ICCResult "Black checkmated"]
[WhiteElo "490"]
[BlackElo "743"]
[Opening "Queen's pawn, Mason variation"]
[ECO "D00"]
[NIC "QP.08"]
[Time "16:30:25"]
[PlyCount "187"]
[TimeControl "900+5"]

1. d4 d5 2. Bf4 Nc6 3. Nc3 a6 4. e3 Bf5 5. Nf3 e6 6. Bd3 Bxd3 7. Qxd3 Bd6 8.
Ne5 f6 9. Nxc6 bxc6 10. O-O Bxf4 11. exf4 Ne7 12. Ne2 O-O 13. Ng3 Ng6 14. c4
Nxf4 15. Qe3 Ng6 16. Qxe6+ Kh8 17. Qxc6 Ne7 18. Qe6 a5 19. cxd5 Nxd5 20. Qg4
g6 21. f4 Ne3 22. Qf3 Nxf1 23. Kxf1 f5 24. h3 Qxd4 25. Qf2 Qd3+ 26. Kg1 Rab8
27. Kh2 Rf6 28. Rc1 Rb7 29. Rc5 Rfb6 30. b3 Rb5 31. Rc2 Qd6 32. Rd2 Qf6 33.
Qe2 Rb8 34. Rc2 c6 35. Rd2 R5b6 36. Rc2 g5 37. fxg5 Qxg5 38. Qe5+ Qg7 39.
Qxg7+ Kxg7 40. Nxf5+ Kf6 41. Nd4 Rc8 42. Rc5 Ra6 43. a4 h5 44. Rxh5 Kg6 45.
Rc5 Kf6 46. g4 Kg6 47. Kg3 Kf6 48. Kf4 Rd8 49. Nxc6 Rc8 50. Rf5+ Ke6 51.
Nd4+ Kd6 52. Rf6+ Kc5 53. Rxa6 Kxd4 54. Rxa5 Kc3 55. Rb5 Rd8 56. Kg5 Rg8+
57. Kf6 Rf8+ 58. Kg7 Ra8 59. h4 Ra7+ 60. Kg6 Ra6+ 61. Kg5 Ra7 62. h5 Rg7+
63. Kh6 Rf7 64. Kg6 Rc7 65. h6 Rc6+ 66. Kg7 Rc7+ 67. Kg6 Rc6+ 68. Kh5 Rc7
69. g5 Kd4 70. a5 Ke4 71. a6 Kf4 72. b4 Ke4 73. Rc5 Ra7 74. b5 Rf7 75. b6
Re7 76. Rc7 Re6 77. b7 Rxa6 78. b8=Q Re6 79. Qb7+ Kf5 80. Qf3+ Ke5 81. Qe3+
Kf5 82. Qxe6+ Kxe6 83. Rg7 Kf5 84. h7 Ke6 85. h8=Q Kf5 86. Qf8+ Ke6 87. Re7+
Kd6 88. g6 Kd5 89. g7 Kd6 90. Qd8+ Kc6 91. Rc7+ Kb6 92. Qb8+ Ka6 93. g8=Q
Ka5 94. Qa2# {Black checkmated} 1-0

[Event "ICC tourney 3043 (15 5)"]
[Site "Internet Chess Club"]
[Date "2022.10.30"]
[Round "5"]
[White "FU, SCOTT:ScottFu-W"]
[Black "XU, AMY:AmyXu-W"]
[Result "1/2-1/2"]
[ICCResult "Game drawn because neither player has mating material"]
[WhiteElo "577"]
[BlackElo "393"]
[Opening "Four knights: Spanish variation"]
[ECO "C48"]
[NIC "KP.03"]
[Time "16:30:30"]
[PlyCount "171"]
[TimeControl "900+5"]

1. e4 e5 2. Nf3 Nc6 3. Nc3 Nf6 4. Bb5 d6 5. d4 Bg4 6. dxe5 dxe5 7. Qxd8+
Rxd8 8. Bxc6+ bxc6 9. Nxe5 Bd7 10. Nxd7 Rxd7 11. O-O Bb4 12. Be3 Bxc3 13.
bxc3 Nxe4 14. Rad1 Rxd1 15. Rxd1 Nxc3 16. Ra1 O-O 17. Bxa7 Ra8 18. Bd4 h6
19. Bxc3 Rd8 20. h3 Rd5 21. Re1 Rc5 22. Re8+ Kh7 23. Bd4 Rxc2 24. Re7 Rxa2
25. Rxc7 Rd2 26. Be3 Rd8 27. Rxc6 Rd1+ 28. Kh2 Re1 29. Rc7 Kg6 30. Rc6+ f6
31. Rc4 Kf5 32. Rg4 g5 33. Rg3 Ke4 34. Bb6 Kf5 35. Re3 Rf1 36. Rf3+ Kg6 37.
Bd4 f5 38. Ra3 Rd1 39. Ra6+ Kf7 40. Be3 f4 41. Bc5 Kg7 42. g3 fxg3+ 43. fxg3
Rd2+ 44. Kg1 Rd1+ 45. Kf2 Rd2+ 46. Kf3 Rd3+ 47. Ke4 Rxg3 48. Bd4+ Kh7 49.
Ra7+ Kg6 50. Ra6+ Kh7 51. Ra7+ Kg6 52. Be5 Rxh3 53. Rg7+ Kh5 54. Kf5 Rf3+
55. Ke6 g4 56. Kd5 Kh4 57. Ke4 Rf8 58. Rg6 h5 59. Bf6+ Kh3 60. Rh6 g3 61.
Rxh5+ Kg4 62. Rf5 g2 63. Rf4+ Kh3 64. Rf3+ Kh2 65. Be5+ Kh1 66. Rh3+ Kg1 67.
Bh2+ Kf1 68. Rg3 Rf2 69. Ke3 Re2+ 70. Kf3 Rf2+ 71. Ke3 Re2+ 72. Kf4 Rf2+ 73.
Kg4 Re2 74. Kh3 Rf2 75. Rg4 Re2 76. Rf4+ Rf2 77. Rg4 Rf3+ 78. Kh4 Rf2 79.
Kh3 Re2 80. Kh4 Rd2 81. Kg5 Rf2 82. Kh4 Rc2 83. Rf4+ Rf2 84. Rxf2+ Kxf2 85.
Kh3 g1=Q 86. Bxg1+ {Game drawn because neither player has mating material}
1/2-1/2